 Dungeon Crawl Stone Soup version 0.22-a0-866-geee5034 (webtiles) character file.

74 Leszczynek the Sneak (level 4, 0/27 HPs)
             Began as a Deep Elf Monk on July 28, 2018.
             Slain by an orc
             ... wielding a +0 flail
              (6 damage)
             ... on level 4 of the Dungeon.
             The game lasted 00:11:05 (2000 turns).

Leszczynek the Sneak (Deep Elf Monk)                Turns: 2000, Time: 00:11:06

Health: 0/27       AC:  3    Str:  8    XL:     4   Next: 10%
Magic:  11/11      EV: 14    Int: 16    God:
Gold:   52         SH:  0    Dex: 17    Spells: 9/9 levels left

rFire    . . .     SeeInvis .   a - +0 short sword
rCold    . . .     Gourm    .   (no shield)
rNeg     . . .     Faith    .   b - +0 robe
rPois    .         Spirit   .   (no helmet)
rElec    .         Reflect  .   (no cloak)
rCorr    .         Harm     .   j - +0 pair of gloves
MR       .....                  (no boots)
Stlth    +++.......             (no amulet)
HPRegen  0.09/turn              (no ring)
MPRegen  0.12/turn              (no ring)

@: no status effects
A: no striking features
a: no special abilities


You were on level 4 of the Dungeon.
You were near starving.

You visited 1 branch of the dungeon, and saw 4 of its levels.

You collected 52 gold pieces.

Inventory:

Hand Weapons
 a - a +0 short sword (weapon)
Missiles
 e - 65 stones (quivered)
Armour
 b - a +0 robe (worn)
 j - a +0 pair of gloves (worn)
Wands
 n - a wand of polymorph (12)
Scrolls
 c - a scroll of identify {@r1}
 f - a scroll of random uselessness {unknown}
 h - a scroll of amnesia {unknown}
 i - 2 scrolls of remove curse {unknown}
 k - 5 scrolls of teleportation
 m - a scroll of fog {unknown}
Potions
 g - 2 potions of resistance
 l - a potion of flight
 o - a potion of might
 p - a potion of brilliance
Comestibles
 d - 2 rations


   Skills:
 - Level 2.4 Fighting
 - Level 3.0 Short Blades
 - Level 3.6 Dodging
 + Level 4.4 Stealth
 + Level 3.4 Spellcasting


You had 9 spell levels left.
You didn't know any spells.
Your spell library was empty.

Dungeon Overview and Level Annotations

Branches:
Dungeon (4/15)
 Temple: D:4-7

Altars:
Ru

Annotations:
D:4 1 runed door, exclusions: scorpion and worker ant, Dowan; Duvessa; Meatbag's ghost, amateur DrIE


Message History

The orc is lightly wounded.
You hit the orc.
The orc is moderately wounded.
The orc closely misses you.
You barely miss the orc.
The orc is moderately wounded.
The orc barely misses you.
You barely miss the orc.
The orc is moderately wounded.
The orc barely misses you.
You hit the orc but do no damage.
The orc is moderately wounded.
The orc hits you with a flail!
* * * LOW HITPOINT WARNING * * *
You closely miss the orc.
The orc is moderately wounded.
You hit the orc but do no damage.
The orc is moderately wounded.
The orc hits you with a flail.
You die...

##.###>e.....#
....$.......##
####.####.#.# #.
#..#.# #.###.##.#
# #........# ##
#........# .#####
##......o.# .<...#
#........@# ####)#
#.........# #.#
#.....[...# #.#
#.........#
####.###.####.####
.........# #.#
####...#.# #.#
###.#.# #.# #.#.##
#.#


You could see an orc.

Vanquished Creatures
  A howler monkey skeleton (D:4)
  2 adders
  An adder skeleton (D:4)
  A leopard gecko (D:1)
  3 orcs (D:4)
  3 giant cockroaches
  3 goblins
  7 hobgoblins
  4 jackals (D:3)
  3 bats
  A frilled lizard (D:4)
  A giant cockroach zombie (D:3)
  4 kobolds
  4 rats
38 creatures vanquished.

Notes
Turn   | Place    | Note
-------+----------+-------------------------------------------
     0 | D:1      | Leszczynek the Deep Elf Monk began the quest for the Orb.
     0 | D:1      | Reached XP level 1. HP: 13/13 MP: 3/3
    84 | D:1      | Reached skill level 1 in Spellcasting
   117 | D:1      | Reached skill level 3 in Stealth
   117 | D:1      | Reached XP level 2. HP: 14/18 MP: 4/6
   277 | D:2      | Found a sacrificial altar of Ru.
   282 | D:2      | Reached skill level 2 in Spellcasting
   750 | D:4      | Found a runed door.
   751 | D:4      | Noticed Meatbag's ghost (amateur DrIE)
   762 | D:4      | Reached XP level 3. HP: 18/22 MP: 8/8
   869 | D:4      | Noticed Dowan
  1224 | D:4      | Reached skill level 4 in Stealth
  1293 | D:4      | Reached skill level 3 in Spellcasting
  1372 | D:4      | Noticed a scorpion
  1416 | D:4      | Reached XP level 4. HP: 27/27 MP: 11/11
  1527 | D:4      | Noticed an ogre
  1651 | D:4      | Noticed Duvessa
  1845 | D:4      | HP: 5/27 [orc/flail (8)]
  2000 | D:4      | Slain by an orc

Vault maps used:
D:1:      dpeg_arrival_morbid_curiosity
D:2:      hangedman_ru_absence
D:3:      kennysheep_big_flooded_room, first_ration, portal_sewer_entry_e
D:4:      ebering_ghost_reflecting_pool, uniq_duvessa

Skill      XL: |  1  2  3 |
---------------+----------+-----
Spellcasting   | 1 2 3 |  3.4
Stealth        | 3 4 |  4.4
Fighting       | |  2.4
Short Blades   | |  3.0
Dodging        | |  3.6

Action                   |  1- 3 |  4- 6 || total
-------------------------+-------+-------++-------
Melee: Short sword       |   135 |    39 ||   174
Throw: Stone             |    36 |     6 ||    42
  Use: Scroll            |     5 |       ||     5
 Stab: Sleeping          |     6 |       ||     6
  Eat: Chunk             |     2 |     1 ||     3
Armor: Robe              |    20 |     3 ||    23
Dodge: Dodged            |    85 |    24 ||   109

Table legend:
 A = Spawn XP
 B = Non-spawn XP
 C = Spawn XP percentage of total XP
 D = Spawn monster count
 E = Non-spawn monster count
 F = Spawn count percentage of total count
 G = Total turns spent on level
                    A         B        C        D         E        F      G
               +---------+---------+-------+---------+---------+-------+---------
         Total |       0 |     107 |   0.0 |       0 |      38 |   0.0 |  2000
               +---------+---------+-------+---------+---------+-------+---------
           D:1 |       0 |      12 |   0.0 |       0 |       7 |   0.0 |   164
           D:2 |       0 |      15 |   0.0 |       0 |       9 |   0.0 |   257
           D:3 |       0 |      36 |   0.0 |       0 |      14 |   0.0 |   864
           D:4 |       0 |      44 |   0.0 |       0 |       8 |   0.0 |   715
               +---------+---------+-------+---------+---------+-------+---------
